 Dungeon Crawl Stone Soup version 0.23.2-1-ga50397a (webtiles) character file.

Game seed: 11169134762705024486

12934 Iscandelvey the Quickloader (level 11, -8/70 HPs)
             Began as a Demonspawn Arcane Marksman on Apr 26, 2019.
             Was an Elder of Kikubaaqudgha.
             Mangled by a blink frog (19 damage)
             ... on level 1 of the Lair of Beasts.
             The game lasted 03:03:41 (20280 turns).

Iscandelvey the Quickloader (DsAM)                 Turns: 20280, Time: 03:03:43

Health: -8/70      AC:  7    Str: 11    XL:     11   Next: 69%
Magic:  0/33       EV: 15    Int: 17    God:    Kikubaaqudgha [****..]
Gold:   566        SH:  0    Dex: 16    Spells: 3/29 levels left

rFire    + + .     SeeInvis .   T - +4 halberd
rCold    x . .     Gourm    .   (shield currently unavailable)
rNeg     . . .     Faith    .   x - +2 leather armour {rF+}
rPois    .         Spirit   +   (no helmet)
rElec    .         Reflect  .   H - +1 cloak
rCorr    .         Harm     +   (no gloves)
MR       .....                  (boots unavailable)
Stlth    ++........             F - amulet of harm
HPRegen  0.21/turn              N - ring of magical power
MPRegen  0.23/turn              q - ring of fire

@: slowed, very slow
A: talons 3, thin skeletal structure 1, powered by death 2, magic shield
a: Receive Corpses, Renounce Religion


You were on level 1 of the Lair of Beasts.
You worshipped Kikubaaqudgha.
Kikubaaqudgha was greatly pleased with you.
You were not hungry.

You visited 3 branches of the dungeon, and saw 12 of its levels.
You also visited: Volcano.

You collected 566 gold pieces.

Inventory:

Hand Weapons
 a - a +0 hand crossbow
 e - a +3 scimitar of freezing
 k - a +3 trident
 l - a +1 glaive of flaming
 o - a +0 broad axe of flaming
 s - a +0 hunting sling
 C - a +4 arbalest of flaming
 T - a +4 halberd (weapon)
Missiles
 d - 16 bolts
 w - a throwing net
 A - 9 javelins (quivered)
 B - 31 sling bullets
Armour
 i - a scarf of cloud immunity
 p - a +0 shield
 t - a +3 plate armour of fire resistance
 x - a +2 leather armour of fire resistance (worn)
 H - a +1 cloak (worn)
 U - a +2 robe of cold resistance
Jewellery
 q - a ring of fire (right hand)
 F - an amulet of harm (around neck)
 K - an uncursed ring of protection from cold
 M - an uncursed ring of ice
 N - a ring of magical power (left hand)
Wands
 u - a wand of paralysis (6)
 R - a wand of random effects (14)
Scrolls
 h - a scroll of fog {unknown}
 n - 10 scrolls of teleportation
 v - 3 scrolls of remove curse
 y - 2 scrolls of fear
 L - 2 scrolls of blinking
Potions
 b - 3 potions of curing
 c - a potion of resistance
 g - a potion of might {unknown}
 j - 2 potions of brilliance {unknown}
 m - a potion of agility {unknown}
 r - a potion of haste
 z - 2 potions of ambrosia
Comestibles
 f - 14 rations
 D - 2 chunks of flesh


   Skills:
 - Level 1.0 Fighting
 + Level 9.8 Crossbows
 - Level 2.5 Armour
 - Level 5.4 Dodging
 + Level 9.6 Spellcasting
 - Level 5.6 Hexes
 * Level 9.6 Necromancy


You had 3 spell levels left.
You knew the following spells:

 Your Spells              Type           Power        Failure   Level  Hunger
a - Corona                Hex            ####...      1%          1    None
b - Slow                  Hex            ####....     1%          2    None
c - Confuse               Hex            ####....     3%          3    None
d - Ensorcelled Hibernat  Hex/Ice        ###...       5%          2    None
e - Tukima's Dance        Hex            ####....     3%          3    None
f - Sublimation of Blood  Necr           #####.....   1%          2    None
g - Regeneration          Chrm/Necr      ###.......   4%          3    None
h - Vampiric Draining     Necr           #####.....   1%          3    None
i - Animate Dead          Necr           N/A          2%          4    ###....
j - Portal Projectile     Hex/Tloc       ###...       11%         3    None

Your spell library contained the following spells:

 Spells                   Type           Power        Failure   Level  Hunger
 Animate Skeleton         Necr           N/A          1%          1    None
 Pain                     Necr           ####         1%          1    None
 Dazzling Spray           Conj/Hex       ###...       11%         3    None
 Inner Flame              Hex/Fire       ####....     11%         3    None
 Summon Guardian Golem    Hex/Summ       ###.....     11%         3    None
 Apportation              Tloc           #.....       12%         1    None
 Summon Small Mammal      Summ           #...         12%         1    None
 Call Imp                 Summ           #.......     19%         2    None
 Call Canine Familiar     Summ           #.......     34%         3    None
 Agony                    Necr           #####...     6%          5    #####..
 Dispel Undead            Necr           #####...     6%          5    #####..
 Cause Fear               Hex            ####......   12%         4    ###....
 Leda's Liquefaction      Hex/Erth       ###.......   36%         4    ###....
 Bolt of Draining         Conj/Necr      ###.......   41%         5    #####..
 Borgnjor's Vile Clutch   Necr/Erth      ###.......   41%         5    #####..
 Summon Ice Beast         Ice/Summ       #.......     75%         4    ###....
 Summon Lightning Spire   Summ/Air       #.......     75%         4    ###....
 Simulacrum               Ice/Necr       ###.......   94%         6    ######.


Dungeon Overview and Level Annotations

Branches:
Dungeon (10/15)            Temple (1/1) D:5            Lair (1/6) D:10
    Orc (0/2) D:9

Altars:
Cheibriados
Dithmenos
Elyvilon
Fedhas
Gozag
Hepliaklqana
Kikubaaqudgha
Makhleb
Nemelex Xobeh
Okawaru
Qazlal
Ru
Trog
Uskayaw
Vehumet
Wu Jian
Xom
Yredelemnul
Zin
The Shining One

Shops:
D:5 }

Annotations:
D:6 Prince Ribbit
D:7 exclusion: downstairs
D:8 2 runed translucent doors, esteth's ghost, novice GnWz
D:9 1 runed translucent door, MajorAdolf's ghost, journeyman NaWn
Lair:1 Sonja


Innate Abilities, Weirdness & Mutations

You have claws for feet.
You have a somewhat thin skeletal structure. (Dex +2, Stealth)
You regenerate health from kills.
When hurt, damage is shared between your health and your magic reserves.


Message History

Aim: Sonja, wielding a +0 blowgun (slow, chance to defeat MR: 65%) Sonja appears confused.
You feel sick. The blink frog hits you. x2
You closely miss the blink frog. Your kick misses the blink frog.
You feel sick. The blink frog hits you!
* * * LOW HITPOINT WARNING * * *
The blink frog blinks!
You feel better. The blink frog completely misses you.
The blink frog misses you.
Casting: Confuse (safe; 3% risk of failure)
Confirm with . or Enter, or press ? or * to list all spells.
Aiming: Confuse (safe; 3% risk of failure)
Press: ? - help, Shift-Dir - straight line, f - blink frog, p - Sonja
Aim: a blink frog (chance to defeat MR: 38%)
Okay, then.
The blink frog closely misses you. The blink frog misses you.
The blink frog hits you!
* * * LOW HITPOINT WARNING * * *
The blink frog hits you!
You die...
Kikubaaqudgha rasps: "You have failed me!
Welcome... death!"

###..## ##.#...### ####
#........## ### ..#
##.........###.###.# ###
#..)...........##..#####.######
##..........##................##
##........##............P....[#
##....####...#........#^......
###.## ###.@####.###.###P.P. ###
#F.# ### ### ###.. ##(.# ##.
#...# #### ##..# #P.. #........
#... !K....... ##.# ........#.
..# ....###### ..P


You could see a blink frog and Sonja (confused).

Vanquished Creatures
  A red draconian (Volcano)
  4 two-headed ogres
  An ugly thing (D:8)
  Grinder (D:6)
  3 blink frogs
  Sigmund (D:5)
  9 fire bats
  A wyvern (D:9)
  A dancing weapon (Volcano)
  A hungry ghost (D:9)
  A steam dragon (D:8)
  2 two-headed ogre zombies (D:9)
  2 water moccasins
  2 porcupines
  7 orc warriors
  An ice beast (D:9)
  2 sky beasts
  An eye of draining (D:10)
  2 necrophages (D:9)
  4 phantoms
  3 centaurs
  5 ogres
  A crocodile (D:10)
  A big kobold (D:9)
  A bullfrog (D:10)
  A gnoll sergeant (D:9)
  A troll zombie (D:9)
  3 scorpions
  7 killer bees
  6 howler monkeys
  4 wights (D:8)
  2 crimson imps
  4 lava snakes (Volcano)
  A quasit (D:9)
  A centaur skeleton (D:8)
  4 hounds
  10 orc priests
  Jessica (D:2)
  Terence (D:3)
  3 iguanas
  7 orc wizards
  7 worker ants
  5 ogre zombies (D:9)
  A hound skeleton (D:9)
  A howler monkey skeleton (D:7)
  A worker ant zombie (D:6)
  20 gnolls
  10 adders
  6 shadow imps
  2 adder skeletons
  4 worms
  3 dart slugs
  7 leopard geckos
  42 orcs
  A ball python (D:4)
  3 giant cockroaches
  5 goblins
  8 hobgoblins
  4 jackals (D:3)
  13 kobolds
  4 quokkas
  8 bats
  4 frilled lizards
  A goblin skeleton (D:9)
  4 goblin zombies (D:9)
  A hobgoblin skeleton (D:9)
  2 hobgoblin zombies (D:9)
  2 orc skeletons (D:9)
  14 orc zombies (D:9)
  10 rats
307 creatures vanquished.

Vanquished Creatures (collateral kills)
  2 two-headed ogres (Volcano)
  An ogre mage (Volcano)
3 creatures vanquished.

Vanquished Creatures (others)
  3 dancing weapons (Volcano)
  3 lava snakes (Volcano)
  A fungus (Lair:1)
7 creatures vanquished.

Grand Total: 317 creatures vanquished

Notes
Turn   | Place    | Note
-------+----------+-------------------------------------------
     0 | D:1      | Iscandelvey the Demonspawn Arcane Marksman began the quest
                  | for the Orb.
     0 | D:1      | Reached XP level 1. HP: 15/15 MP: 2/2
    97 | D:1      | Gained mutation: You regenerate a little health from kills.
                  | [demonic ancestry]
    97 | D:1      | Reached XP level 2. HP: 21/21 MP: 3/3
   117 | D:1      | Learned a level 2 spell: Slow
  1175 | D:1      | HP: 1/21 [leopard gecko (3)]
  1598 | D:2      | Gained mutation: You have sharp toenails. [demonic
                  | ancestry]
  1598 | D:2      | Reached XP level 3. HP: 23/26 MP: 4/4
  1946 | D:2      | Noticed Jessica
  2999 | D:2      | Found a white marble altar of Elyvilon.
  3183 | D:3      | Gained mutation: You have razor-sharp toenails. [demonic
                  | ancestry]
  3183 | D:3      | Reached XP level 4. HP: 22/32 MP: 6/6
  3757 | D:3      | Reached XP level 5. HP: 27/37 MP: 4/8
  4189 | D:3      | Found a hide-covered altar of Uskayaw.
  4467 | D:3      | Found a shadowy altar of Dithmenos.
  4671 | D:3      | Noticed Terence
  4692 | D:3      | Killed Terence
  4884 | D:3      | Learned a level 3 spell: Confuse
  5075 | D:3      | Learned a level 2 spell: Ensorcelled Hibernation
  5727 | D:4      | Found a stormy altar of Qazlal.
  5787 | D:4      | Found a radiant altar of Vehumet.
  5989 | D:4      | Found a glowing silver altar of Zin.
  6015 | D:4      | Reached XP level 6. HP: 21/43 MP: 4/10
  6613 | D:5      | Entered Level 5 of the Dungeon
  6861 | D:2      | Killed Jessica
  6908 | D:2      | Identified Jessica's Disquisition on the Traveller
  7370 | D:5      | Learned a level 3 spell: Tukima's Dance
  7410 | D:5      | Found Wodyuxa's Gadget Boutique.
  7488 | D:5      | Found a staircase to the Ecumenical Temple.
  7498 | Temple   | Entered the Ecumenical Temple
  7563 | Temple   | Became a worshipper of Kikubaaqudgha
  7663 | D:5      | Gained mutation: You have claws for feet. [demonic
                  | ancestry]
  7663 | D:5      | Reached XP level 7. HP: 48/48 MP: 9/12
  7724 | D:5      | Noticed Sigmund
  8344 | D:6      | Found a sacrificial altar of Ru.
  8439 | D:6      | Reached skill level 5 in Hexes
  9150 | D:6      | Reached skill level 5 in Crossbows
  9150 | D:6      | Gained mutation: When hurt, damage is shared between your
                  | health and your magic reserves. [demonic ancestry]
  9150 | D:6      | Reached XP level 8. HP: 22/54 MP: 0/15
  9470 | D:6      | Reached * piety under Kikubaaqudgha
  9470 | D:6      | Identified Kikubaaqudgha's Collected Works on Stolen Souls
                  | (Kikubaaqudgha gifted it to you on level 6 of the Dungeon)
  9470 | D:6      | Received a gift from Kikubaaqudgha
  9810 | D:6      | Reached skill level 5 in Spellcasting
  9970 | D:6      | Noticed Grinder
  9971 | D:6      | Paralysed by Grinder for 2 turns
  9992 | D:6      | Killed Grinder
 10340 | D:5      | Killed Sigmund
 10578 | D:4      | Found a sacrificial altar of Ru.
 11059 | D:7      | Noticed Prince Ribbit
 11616 | D:7      | Reached skill level 1 in Armour
 11754 | D:7      | Found a snail-covered altar of Cheibriados.
 12338 | D:8      | Noticed a white ugly thing
 12412 | D:8      | Reached XP level 9. HP: 55/59 MP: 18/18
 12430 | D:8      | Reached skill level 5 in Dodging
 13008 | D:8      | Found an iron altar of Okawaru.
 13009 | D:8      | Noticed a two-headed ogre
 13026 | D:8      | Killed a two-headed ogre
 13561 | D:8      | Reached skill level 1 in Necromancy
 14043 | D:8      | Reached ** piety under Kikubaaqudgha
 14431 | D:8      | Found a glowing golden altar of the Shining One.
 14454 | D:8      | Killed a white ugly thing
 14454 | D:8      | Gained mutation: You have a somewhat thin skeletal
                  | structure. (Dex +2, Stealth) [demonic ancestry]
 14454 | D:8      | Reached XP level 10. HP: 65/65 MP: 21/21
 14580 | D:8      | Found a large runed translucent door.
 14580 | D:8      | Found a large runed translucent door.
 14581 | D:8      | Noticed esteth's ghost (novice GnWz)
 14717 | D:9      | Learned a level 2 spell: Sublimation of Blood
 14721 | D:9      | Learned a level 3 spell: Regeneration
 14757 | D:9      | Learned a level 3 spell: Vampiric Draining
 14762 | D:9      | Learned a level 4 spell: Animate Dead
 15263 | D:9      | Found an opulent altar of Gozag.
 15400 | D:9      | Found a bloodstained altar of Trog.
 15491 | D:9      | Reached *** piety under Kikubaaqudgha
 15491 | D:9      | Identified Kikubaaqudgha's Handbook of Stolen Souls
                  | (Kikubaaqudgha gifted it to you on level 9 of the Dungeon)
 15491 | D:9      | Received a gift from Kikubaaqudgha
 15599 | D:9      | Found a runed translucent door.
 15600 | D:9      | Found a shimmering altar of Xom.
 15600 | D:9      | Noticed MajorAdolf's ghost (journeyman NaWn)
 15602 | D:9      | Noticed a +1 broad axe of chaos
 16193 | D:8      | Reached skill level 5 in Necromancy
 16723 | D:9      | Reached **** piety under Kikubaaqudgha
 16817 | D:9      | Found a staircase to the Orcish Mines.
 17161 | D:10     | Entered Level 10 of the Dungeon
 17888 | D:10     | Found a staircase to the Lair.
 18460 | Lair:1   | Entered Level 1 of the Lair of Beasts
 18615 | Lair:1   | Gained mutation: You regenerate health from kills. [demonic
                  | ancestry]
 18615 | Lair:1   | Reached XP level 11. HP: 18/69 MP: 0/23
 18810 | Lair:1   | Noticed Sonja
 18834 | Lair:1   | Found a dark tunnel.
 18856 | Volcano  | Entered a volcano
 19226 | Volcano  | Noticed a two-headed ogre
 19226 | Volcano  | Noticed a two-headed ogre
 19234 | Volcano  | Noticed a red draconian
 19254 | Volcano  | Noticed a two-headed ogre
 19281 | Volcano  | Killed a two-headed ogre
 19345 | Volcano  | Killed a two-headed ogre
 19410 | Volcano  | Killed a red draconian
 19559 | Volcano  | Noticed a two-headed ogre
 19561 | Volcano  | Noticed a two-headed ogre
 19585 | Volcano  | Killed a two-headed ogre
 19719 | Volcano  | Killed a two-headed ogre
 19746 | Volcano  | Noticed an ogre mage
 19796 | Volcano  | Killed a two-headed ogre
 19936 | Volcano  | Found a burning altar of Makhleb.
 20061 | Volcano  | Learned a level 3 spell: Portal Projectile
 20103 | Volcano  | Killed an ogre mage
 20187 | Volcano  | Found a radiant altar of Vehumet.
 20280 | Lair:1   | Mangled by a blink frog

Skill      XL: |  1  2  3  4  5  6  7  8  9 10 11 |
---------------+----------------------------------+-----
Dodging        | 2 3 4 5 |  5.4
Crossbows      | 2 3 5 6 8 9 |  9.8
Spellcasting   | 2 3 4 6 7 8 9 |  9.6
Hexes          | 4 5 |  5.6
Armour         | 1 2 |  2.5
Necromancy     | 2 7 9 |  9.6
Fighting       | |  1.0

Action                   |  1- 3 |  4- 6 |  7- 9 | 10-12 || total
-------------------------+-------+-------+-------+-------++-------
Melee: Dagger            |    65 |     9 |       |       ||    74
       Kick              |     4 |     8 |    49 |    80 ||   141
       Spear             |       |    29 |    14 |       ||    43
       Glaive            |       |    15 |     9 |       ||    24
       Club              |       |     6 |   110 |       ||   116
       Halberd           |       |       |    68 |   423 ||   491
 Fire: Hand crossbow     |    71 |    62 |   194 |       ||   327
       Hunting sling     |       |   116 |    15 |    11 ||   142
       Blowgun           |       |     2 |       |       ||     2
       Arbalest          |       |       |       |     4 ||     4
Throw: Stone             |    19 |     1 |       |    11 ||    31
 Cast: Slow              |    31 |    24 |    58 |    62 ||   175
       Corona            |    17 |    18 |     7 |       ||    42
       Confuse           |       |    23 |   106 |   107 ||   236
       Sublimation of Bl |       |       |       |    13 ||    13
       Regeneration      |       |       |       |    14 ||    14
       Ensorcelled Hiber |       |       |       |     5 ||     5
       Tukima's Dance    |       |       |       |    25 ||    25
       Animate Dead      |       |       |       |     2 ||     2
       Portal Projectile |       |       |       |     1 ||     1
Invok: Receive Corpses   |       |       |       |     3 ||     3
  Use: Potion            |     2 |       |     1 |     3 ||     6
       Scroll            |       |       |     9 |       ||     9
 Stab: Confused          |       |     4 |    17 |    30 ||    51
       Distracted        |       |       |       |     3 ||     3
       Sleeping          |       |       |       |     3 ||     3
  Eat: Chunk             |     6 |    19 |    26 |    19 ||    70
       Ration            |     1 |       |     1 |     1 ||     3
Armor: Robe              |    15 |     5 |    25 |    54 ||    99
       Leather armour    |    16 |    22 |     6 |     2 ||    46
Dodge: Dodged            |    66 |    84 |   191 |   294 ||   635
